 Dungeon Crawl Stone Soup version 0.29.1-2-gbd0b4ee654 (webtiles) character file.

Game seed: 6748178307512983402

3386 Nerdsrcool the Covert (level 10, 0/66 HPs)
             Began as a Vine Stalker Conjurer on Oct 31, 2022.
             Was a Follower of Okawaru.
             Slain by a six-headed hydra (8 damage)
             ... on level 7 of the Dungeon on Nov 1, 2022.
             The game lasted 00:41:57 (9065 turns).

Nerdsrcool the Covert (Vine Stalker Conjurer)       Turns: 9065, Time: 00:41:57

Health: 0/66       AC: 29    Str: 16    XL:     10   Next: 4%
Magic:  0/21       EV:  2    Int: 20    God:    Okawaru [*.....]
Gold:   70         SH:  0    Dex: 12    Spells: 20/23 levels left

rFire   . . .      SeeInvis +   D - +2 flail (drain)
rCold   . . .      Faith    .   (no shield)
rNeg    . . .      Spirit   +   (body armour currently unavailable)
rPois   +          Reflect  .   (helmet currently unavailable)
rElec   .          Harm     .   (cloak currently unavailable)
rCorr   .          Rampage  .   (gloves currently unavailable)
Will    +....      NoTele   +   (boots currently unavailable)
Stlth   ++++......              m - amulet of regeneration
HPRegen 1.81/turn               k - +4 ring of protection
MPRegen 0.17/turn               L - ring of Iloju {Str+3 SInv}

@: tree-form (expiring)
A: stationary, stasis, torment immunity, boosted hp, (fangs 3), regeneration 1,
magic shield, (antimagic bite), no potion heal 2
a: Renounce Religion, Heroism


You were on level 7 of the Dungeon.
You worshipped Okawaru.
Okawaru was aware of your devotion.
You were a tree.
You visited 2 branches of the dungeon, and saw 9 of its levels.

You collected 284 gold pieces.
You spent 214 gold pieces at shops.

Inventory:

Hand Weapons
 l - a +1 whip of venom
 t - a +2 dagger of freezing
 v - a +2 war axe of distortion
 D - a +2 flail of draining (weapon)
 O - a +1 war axe of flaming
Missiles
 w - 2 curare-tipped darts
 F - 2 throwing nets
 R - 4 boomerangs
Armour
 r - a +0 troll leather armour
 x - a +1 pair of boots (melded)
 E - a +2 chain mail of cold resistance
 H - the +0 ring mail "Xeimy" (melded) {*Slow rC+ Str+3 SInv}
   (You found it on level 5 of the Dungeon)

   Str:       It affects your strength (+3).
   rC:        It protects you from cold.
   SInv:      It lets you see invisible.
   *Slow:     It may slow you when you take damage.
 M - a +2 helmet (melded)
Magical Staves
 y - a staff of earth
 Q - a staff of fire
Jewellery
 d - an amulet of guardian spirit
 k - a +4 ring of protection (left branch)
 m - an amulet of regeneration (around neck)
 L - the ring of Iloju (right branch) {Str+3 SInv}
   (You found it on level 6 of the Dungeon)

   [ring of see invisible]

   Str:       It affects your strength (+3).
   SInv:      It lets you see invisible.
Wands
 u - a wand of light (9)
 A - a wand of flame (32)
 P - a wand of charming (12)
Scrolls
 g - 2 scrolls of teleportation
 n - a scroll of fog
 q - 3 scrolls of magic mapping
 G - 2 scrolls of amnesia
Potions
 b - a potion of magic
 c - 3 potions of attraction
 f - a potion of might {unknown}
 i - 4 potions of curing
 j - 2 potions of cancellation
 o - 2 potions of flight
 p - a potion of lignification
 s - a potion of invisibility
 z - a potion of haste {unknown}
 C - a potion of resistance
 N - a potion of heal wounds {unknown}


   Skills:
 + Level 5.9 Dodging
 + Level 9.4 Stealth
 + Level 7.3 Spellcasting
 + Level 8.1 Conjurations


You had 20 spell levels left.
You knew the following spells:

 Your Spells              Type           Power      Damage    Failure   Level
a - Magic Dart            Conj           100%       1d8       1%          1
b - Searing Ray           Conj           78%        2d7       1%          2

Your spell library contained the following spells:

 Spells                   Type           Power      Damage    Failure   Level
 Dazzling Flash           Conj/Hex       46%        N/A       5%          3
 Stone Arrow              Conj/Erth      46%        3d9       5%          3
 Sandblast                Erth           14%        2d6       10%         1
 Passwall                 Tmut/Erth      5%         N/A       14%         2
 Scorch                   Fire           14%        2d5       14%         2
 Flame Wave               Conj/Fire      23%        2d8       17%         4
 Fulminant Prism          Conj/Hex       11%        3d9       17%         4
 Iskenderun's Mystic Bla  Conj/Tloc      23%        2d6       17%         4
 Gell's Gravitas          Tloc           7%         N/A       28%         3
 Lesser Beckoning         Tloc           7%         N/A       28%         3
 Teleport Other           Tloc           7%         N/A       28%         3
 Cause Fear               Hex            3%         N/A       67%         4
 Dragon Form              Tmut           3%         N/A       100%        7
 Summon Cactus Giant      Summ           Unusable   N/A       N/A         6
 Dragon's Call            Summ           Unusable   N/A       N/A         9

Dungeon Overview and Level Annotations

Branches:
Dungeon (8/15)             Temple (1/1) D:7
   Lair: D:8-11

Altars:
Ashenzari
Cheibriados
Dithmenos
Elyvilon
Fedhas
Gozag
Hepliaklqana
Kikubaaqudgha
Makhleb
Okawaru
Qazlal
Ru
Sif Muna
Trog
Uskayaw
Vehumet
Wu Jian
Xom
Yredelemnul
Zin
The Shining One

Shops:
D:6 [

Annotations:
D:5 1 runed translucent door, Crazy Yiuf


Innate Abilities, Weirdness & Mutations

You are a tree.
Your roots penetrate the ground, keeping you stationary.
You cannot be teleported.
You are immune to unholy pain and torment.
Your maximum health is greatly increased.
Your equipment is partially melded.
((You have razor-sharp teeth.))
Your natural rate of healing is unusually fast.
When hurt, damage is shared between your health and your magic reserves.
((Your bite disrupts and absorbs the magic of your enemies.))
Potions cannot restore your health.


Message History

You sock the six-headed hydra! You drain the six-headed hydra.
The six-headed hydra is moderately wounded.
The six-headed hydra bites you. x2
The six-headed hydra bites you but does no damage. x4
You barely miss the six-headed hydra.
The six-headed hydra is moderately wounded.
The six-headed hydra bites you but does no damage.
The six-headed hydra bites you.
The six-headed hydra bites you but does no damage. x2
The six-headed hydra bites you!
The six-headed hydra bites you but does no damage. x7
The troll shouts!
You sock the six-headed hydra! You drain the six-headed hydra.
The six-headed hydra is heavily wounded.
You hear a loud, deep croak!
The six-headed hydra bites you but does no damage. x3
The six-headed hydra bites you. x2
The six-headed hydra bites you but does no damage.
You barely miss the six-headed hydra.
The six-headed hydra is heavily wounded.
Your transformation is almost over.
The six-headed hydra bites you.
* * * LOW HITPOINT WARNING * * *
The six-headed hydra bites you.
* * * LOW HITPOINT WARNING * * *
The six-headed hydra bites you but does no damage. x2
The six-headed hydra bites you.
* * * LOW HITPOINT WARNING * * *
The six-headed hydra bites you but does no damage.
You barely miss the six-headed hydra.
The six-headed hydra is heavily wounded.
A bullfrog comes into view.
The six-headed hydra bites you but does no damage. x5
The six-headed hydra completely misses you.
The six-headed hydra bites you but does no damage. x2
The six-headed hydra bites you!
* * * LOW HITPOINT WARNING * * *
The six-headed hydra bites you but does no damage.
The six-headed hydra bites you!
You die...

# .... #.......#...#........ #
h.... #.⌠...⌠.##'#####.....
l)....##....⌠..##†888#..#...
#!D/...'...⌠...#8....'.##...
[?....##F.⌠....##.888####...
$..)/ #.⌠[..⌠.##'#### #... ....
#...T...#...# #... ...
####D####..## #### # T.#####
#♣...†.#.# # . #...# ##...##### #
#...# ##### # ########...#
####### ### ##.......).# #.....#
#.. .#.........## #.....# #####.#
.#..........# #.....###..)..#
............#######.....[.).#####
##.####...........#.........#


You could see a six-headed hydra (drained), a troll and a bullfrog (wandering).

Vanquished Creatures
  A deep elf pyromancer (D:6)
  A troll (D:7)
  Prince Ribbit (D:5)
  A basilisk (D:7)
  Edmund (D:5)
  2 orc warriors (D:7)
  2 sky beasts
  A black bear (D:7)
  A centaur (D:7)
  3 phantoms
  Blork the orc (D:4)
  4 bullfrogs
  2 necrophages
  2 scorpions
  A killer bee (D:7)
  A howler monkey (D:6)
  3 orc priests
  5 hounds
  A jelly (D:4)
  4 iguanas
  7 orc wizards
  Natasha (thrice) (D:4)
  10 gnolls
  8 adders
  3 shadow imps (D:7)
  A worm (D:3)
  A dart slug (D:1)
  23 orcs
  7 endoplasms
  5 giant cockroaches
  7 goblins
  7 hobgoblins
  4 jackals (D:1)
  3 kobolds
  9 quokkas
  6 ball pythons
  8 bats
  6 frilled lizards
  5 rats
161 creatures vanquished.

Vanquished Creatures (others)
  A fungus (D:5)
  A plant (D:7)
2 creatures vanquished.

Grand Total: 163 creatures vanquished

Notes
Turn   | Place    | Note
-------+----------+-------------------------------------------
     0 | D:1      | Nerdsrcool the Vine Stalker Conjurer began the quest for
                  | the Orb.
     0 | D:1      | Reached XP level 1. HP: 9/9 MP: 4/4
   267 | D:1      | Reached XP level 2. HP: 13/13 MP: 3/6
   684 | D:1      | Reached skill level 3 in Stealth
   976 | D:1      | Reached XP level 3. HP: 16/16 MP: 5/7
  1853 | D:2      | Gained mutation: Your natural rate of healing is unusually
                  | fast. [Vine Stalker growth]
  1853 | D:2      | Reached XP level 4. HP: 21/21 MP: 2/9
  2795 | D:3      | Reached XP level 5. HP: 24/24 MP: 3/10
  2907 | D:3      | Reached skill level 4 in Stealth
  3466 | D:4      | Noticed Blork the orc
  3483 | D:4      | Killed Blork the orc
  3484 | D:4      | Reached skill level 5 in Conjurations
  3484 | D:4      | Reached XP level 6. HP: 28/28 MP: 1/12
  3816 | D:4      | Noticed Natasha
  3823 | D:4      | Killed Natasha
  4044 | D:4      | Reached skill level 5 in Stealth
  4044 | D:4      | Reached XP level 7. HP: 19/32 MP: 3/14
  4346 | D:4      | Noticed Natasha
  4351 | D:4      | Killed Natasha
  4716 | D:4      | Noticed Natasha
  4723 | D:4      | Killed Natasha
  4742 | D:5      | Entered Level 5 of the Dungeon
  4893 | D:5      | Noticed Edmund
  4943 | D:5      | Killed Edmund
  5582 | D:5      | Noticed Prince Ribbit
  5583 | D:5      | Reached skill level 6 in Stealth
  5594 | D:5      | Killed Prince Ribbit
  5595 | D:5      | Reached skill level 5 in Spellcasting
  5595 | D:5      | Gained mutation: You have razor-sharp teeth. [Vine Stalker
                  | growth]
  5595 | D:5      | Reached XP level 8. HP: 11/36 MP: 0/16
  5769 | D:5      | Identified the +0 ring mail "Xeimy" {*Slow rC+ Str+3 SInv}
  6068 | D:5      | Found a runed translucent door.
  6068 | D:5      | Noticed Crazy Yiuf
  6370 | D:6      | Noticed a deep elf pyromancer
  6380 | D:6      | Killed a deep elf pyromancer
  6381 | D:6      | Reached skill level 7 in Stealth
  6381 | D:6      | Reached XP level 9. HP: 22/39 MP: 2/19
  6520 | D:6      | Reached skill level 5 in Dodging
  6638 | D:6      | Identified the ring of Iloju {Str+3 SInv}
  6643 | D:6      | Found Oloyvoll's Armour Emporium.
  6646 | D:6      | Bought a +2 helmet for 214 gold pieces
  6870 | D:6      | Learned a level 2 spell: Searing Ray
  6891 | D:6      | Reached skill level 8 in Stealth
  7516 | D:7      | Found a staircase to the Ecumenical Temple.
  7532 | Temple   | Entered the Ecumenical Temple
  7636 | Temple   | Became a worshipper of Warmaster Okawaru
  8312 | D:7      | Noticed a six-headed hydra
  8313 | D:7      | Noticed a troll
  8313 | D:7      | Noticed a troll
  8391 | D:7      | Found a radiant altar of Vehumet.
  8391 | D:7      | Found a white marble altar of Elyvilon.
  8889 | D:7      | Reached skill level 9 in Stealth
  8988 | D:7      | Killed a troll
  9019 | D:7      | Reached * piety under Okawaru
  9020 | D:7      | Reached XP level 10. HP: 44/44 MP: 21/21
  9065 | D:7      | Slain by a six-headed hydra

Illustrated notes

Levels and vault maps discovered:
D:1:      lemuel_arrival_rhombus, layout_loops_ring, minmay_tall_x
D:2:      layout_loops_ring, fountainhead, minmay_misc_feat_alley
D:3:      layout_basic
D:4:      layout_cave_pods, uniq_blork_the_orc, uniq_natasha
D:5:      layout_basic, uniq_crazy_yiuf_cottage, uniq_edmund,
          uniq_prince_ribbit1
D:6:      layout_rooms, serial_shops, nicolae_shop_behind_doors,
          guppyfry_early_elven_hall
D:7:      minmay_chambers_of_sevens, layout_basic,
          gammafunk_temple_overflow_elements, minmay_temple_entry_junction,
          serial_bayou_pond_a, kennysheep_nondescript
D:8:      layout_gridville, david_lair_shrubbed, enter_bailey_5,
          kennysheep_generic_room_2, uniq_grum, uniq_erica
Temple:   compressed_dpeg_triangle_lava_temple

Skill      XL: |  1  2  3  4  5  6  7  8  9 |
---------------+----------------------------+-----
Stealth        | 3 4 5 6 7 9 |  9.4
Dodging        | 2 3 4 5 |  5.9
Spellcasting   | 3 4 5 6 7 |  7.3
Conjurations   | 5 6 8 |  8.1

Action                   |  1- 3 |  4- 6 |  7- 9 | 10-12 || total
-------------------------+-------+-------+-------+-------++-------
Melee: Unarmed           |    23 |       |       |       ||    23
       Bite              |     4 |     8 |    44 |     2 ||    58
       Whip              |     1 |    20 |       |       ||    21
       War axe           |       |    16 |    11 |       ||    27
       Flail             |       |       |   144 |    14 ||   158
       Punch             |       |       |     3 |       ||     3
 Cast: Magic Dart        |    76 |   112 |   215 |     5 ||   408
       Searing Ray       |       |       |     1 |       ||     1
Evoke: Wand              |       |       |     1 |       ||     1
  Use: Scroll            |       |     4 |    12 |       ||    16
       Potion            |       |     1 |     5 |     1 ||     7
 Stab: Distracted        |       |       |       |     1 ||     1
Armor: Robe              |     2 |       |       |       ||     2
       Leather armour    |     9 |     6 |     2 |       ||    17
       Ring mail         |       |       |    78 |     4 ||    82
       Skin              |       |       |       |    36 ||    36
Dodge: Dodged            |    27 |    32 |   123 |     8 ||   190
